AoeStats
← fichart

Arena

508955925Analyzed
3v3 RM · 6d ago on Sep 24, 2026· 99m 57s· 6 players
Game mode
Random Map
Map size
Normal (6 player)
Population
200
Speed
Normal
Resources
Standard
Victory
Conquest
Starting age
Dark Age
Ending age
Imperial Age
RankedLock teamsTeams togetherTeam positionsShared explorationLock speedFull tech treeHidden civsTurbo modeCheats
Victory
Defeat
🇷🇺 Huns · Russia
770
+16
🇰🇿 Britons · Kazakhstan
770
+16
🇷🇺 Shu · Russia
754
+17
🇺🇸 Turks · United States
815
-38
🇬🇧 Varangians · United Kingdom
778
-17
🇦🇷 Persians · Argentina
733
-15
xSmokePotx
14:08 Feudal Age
15:33 Loom
16:24 Wheelbarrow
15:39 Double-Bit Axe
16:43 Gold Mining
16:43 Stone Mining
27:19 Castle Age
28:46 Bow Saw
28:56 Hand Cart
33:28 Caravan
35:34 Bloodlines
39:06 Imperial Age
39:07 Capped Ram
47:15 Artillery
47:39 Fortified Wall
47:51 Ballistics
47:54 Bombard Tower
47:47 Crossbowman
50:26 Arrowslits
65:20 Thumb Ring
YasD_001
0:29 Loom
11:02 Feudal Age
11:43 Double-Bit Axe
11:41 Horse Collar
21:39 Castle Age
19:45 Gold Mining
20:21 Bloodlines
21:07 Scale Mail Armor
20:58 Arson
21:56 Forging
22:49 Scale Barding Armor
23:31 Heavy Plow
24:15 Bow Saw
25:29 Wheelbarrow
24:40 Town Watch
27:04 Stone Mining
27:32 Squires
27:23 Gambesons
28:22 Hand Cart
30:04 Padded Archer Armor
29:54 Fletching
31:50 Elite Skirmisher
36:27 Imperial Age
33:50 Pikeman
35:09 Iron Casting
34:29 Bodkin Arrow
34:50 Leather Archer Armor
34:24 Treadmill Crane
34:39 Murder Holes
34:55 Masonry
34:56 Fortified Wall
35:06 Chain Mail Armor
35:12 Husbandry
38:03 Conscription
37:19 Halberdier
39:09 Town Patrol
39:41 Architecture
39:32 Ballistics
39:20 Bracer
39:48 Caravan
41:41 Two-Man Saw
42:06 Chain Barding Armor
44:03 Siege Engineers
44:35 Plate Barding Armor
44:31 Ring Archer Armor
43:53 Vendel Legacy
44:17 Cavalier
50:06 Elite Jarl
55:21 Elite Varangian Guard
58:26 Fervor
58:17 Devotion
58:13 Herbal Medicine
59:45 Gothikon
87:49 Blast Furnace
87:22 Plate Mail Armor
HEAD__SHOT
0:31 Loom
11:30 Feudal Age
12:42 Wheelbarrow
11:54 Double-Bit Axe
12:04 Gold Mining
11:56 Horse Collar
18:53 Stone Mining
22:27 Castle Age
22:20 Fletching
22:32 Padded Archer Armor
24:48 Bodkin Arrow
25:09 Leather Archer Armor
25:33 Bow Saw
25:32 Heavy Plow
26:53 Gold Shaft Mining
27:33 Caravan
28:26 Kamandaran
29:42 Ballistics
29:42 Thumb Ring
30:29 Hand Cart
31:39 Crossbowman
32:46 Husbandry
32:57 Bloodlines
36:53 Imperial Age
34:09 Town Watch
38:17 Conscription
37:19 Elite War Elephant
38:32 Ring Archer Armor
38:08 Scale Barding Armor
38:14 Forging
38:47 Town Patrol
39:11 Citadels
40:57 Two-Man Saw
42:52 Chain Barding Armor
43:08 Iron Casting
44:50 Cavalier
47:28 Savar
54:34 Plate Barding Armor
55:56 Chemistry
55:09 Masonry
64:01 Blast Furnace
69:13 Architecture
68:39 Murder Holes
90:23 Herbal Medicine
91:15 Light Cavalry
93:11 Hussar
99:36 Crop Rotation
frablai
0:37 Loom
11:31 Feudal Age
12:51 Wheelbarrow
12:03 Double-Bit Axe
12:07 Horse Collar
19:37 Castle Age
20:40 Hand Cart
21:09 Bow Saw
22:55 Heavy Plow
29:09 Gold Mining
33:18 Imperial Age
30:39 Pikeman
31:15 Fletching
32:01 Bodkin Arrow
32:07 Padded Archer Armor
32:01 Elite Skirmisher
32:48 Crossbowman
35:29 Gold Shaft Mining
35:16 Arbalester
36:27 Leather Archer Armor
37:22 Ballistics
36:32 Halberdier
39:44 Chemistry
41:57 Bracer
42:28 Ring Archer Armor
44:00 Yeomen
51:55 Scale Mail Armor
fichart
0:30 Loom
14:58 Feudal Age
16:06 Horse Collar
16:13 Double-Bit Axe
16:18 Town Watch
22:04 Castle Age
24:20 Wheelbarrow
24:16 Crossbowman
25:03 Thumb Ring
26:14 Fletching
28:32 Padded Archer Armor
30:16 Bodkin Arrow
30:50 Hand Cart
30:50 Bow Saw
34:05 Leather Archer Armor
34:03 Forging
33:54 Scale Mail Armor
35:25 Heavy Plow
37:24 Gold Mining
37:27 Stone Mining
41:12 Imperial Age
39:12 Chain Mail Armor
41:12 Ballistics
40:49 Murder Holes
40:32 Pikeman
41:13 Squires
40:59 Gambesons
40:59 Arson
42:10 Bracer
42:41 Ring Archer Armor
43:15 Conscription
42:29 Arbalester
44:59 Hoardings
43:50 Light Cavalry
44:31 Husbandry
45:04 Plate Mail Armor
44:44 Scale Barding Armor
44:10 Elite Skirmisher
45:37 Gold Shaft Mining
46:44 Halberdier
48:51 Chain Barding Armor
49:47 Chemistry
49:38 Coiled Serpent Array
52:20 Siege Engineers
56:12 Bolt Magazine
57:18 Town Patrol
59:06 Man-at-Arms
59:42 Long Swordsman
61:34 Two-Handed Swordsman
63:01 Plate Barding Armor
62:35 Champion
66:58 Fortified Wall
73:16 Capped Ram
75:57 Caravan
92:43 Onager
93:45 Siege Ram
drXsen
3:06 Loom
13:05 Feudal Age
15:48 Wheelbarrow
19:39 Castle Age
19:44 Bloodlines
23:08 Town Watch
23:56 Husbandry
25:14 Double-Bit Axe
26:46 Horse Collar
29:44 Hand Cart
29:30 Town Patrol
29:52 Caravan
30:18 Light Cavalry
31:42 Scale Barding Armor
31:59 Murder Holes
33:21 Bow Saw
34:20 Gold Mining
34:21 Stone Mining
35:07 Devotion
35:31 Sanctity
35:23 Fervor
37:09 Marauders
40:21 Imperial Age
39:09 Chain Barding Armor
38:48 Fletching
42:49 Plate Barding Armor
43:35 Coinage
43:14 Town Patrol
44:01 Cavalier
46:13 Forging
46:00 Bodkin Arrow
46:05 Padded Archer Armor
47:46 Hussar
49:16 Atonement
49:43 Illumination
50:48 Ballistics
51:30 Chemistry
52:43 Conscription
52:46 Atheism
53:14 Iron Casting
52:41 Bracer
52:56 Leather Archer Armor
53:50 Pikeman
54:18 Arson
56:02 Blast Furnace
56:05 Squires
58:10 Halberdier
58:55 Scale Mail Armor
59:09 Man-at-Arms
68:33 Heavy Plow
70:16 Long Swordsman
72:48 Two-Man Saw
73:05 Banking
72:51 Guilds
72:22 Two-Handed Swordsman
72:45 Paladin
75:51 Elite Tarkan
99:30 Capped Ram
Connection lost

Rejoining the realm…

Still unreachable

The connection could not be restored.

Session expired

The server has moved on; the page needs a fresh start.